 Dungeon Crawl Stone Soup version 0.31-a0-881-ge136f0c47a (webtiles) character file.

Game seed: 8188261186342050667

83 Kurtz the Sneak (level 4, -10/42 HPs)
             Began as a Naga Delver on Oct 15, 2023.
             Mangled by Pikel
             ... wielding a +2 whip of freezing
              (14 damage)
             ... on level 5 of the Dungeon.
             The game lasted 00:00:33 (131 turns).

Kurtz the Sneak (Naga Delver)                        Turns: 131, Time: 00:00:33

Health: -10/42     AC:  2    Str: 16    XL:     4   Next: 44%
Magic:  4/4        EV:  9    Int: 11    God:
Gold:   0          SH:  0    Dex: 12    Spells: 3/3 levels left

rFire   . . .        a - +0 hand axe
rCold   . . .        (no shield)
rNeg    . . .        b - +0 leather armour
rPois   +            (no helmet)
rElec   .            (no cloak)
rCorr   .            (no gloves)
SInv    +            (no barding)
Will    .....        (no amulet)
Stlth   +++          (no ring)
HPRegen 0.27/turn    (no ring)
MPRegen 0.09/turn

%: no passive effects
@: hasted, quick
A: AC +1, large, see invisible, deformed body, poison resistance, slowness 2,
spit poison 1, naga tail 1
a: Spit Poison


You were on level 5 of the Dungeon.
You visited 1 branch of the dungeon, and saw 1 of its levels.

Inventory:

Hand Weapons
 a - a +0 hand axe (weapon)
Armour
 b - a +0 leather armour (worn)
Wands
 g - a wand of digging (3)
Scrolls
 c - a scroll of fog
 d - 2 scrolls of revelation
 e - a scroll of fear


   Skills:
 - Level 3.0 Fighting
 * Level 4.5 Axes
 - Level 1.5 Dodging
 - Level 7.2 Stealth


You had 3 spell levels left.
You didn't know any spells.
Your spell library was empty.

Dungeon Overview and Level Annotations

Branches:
Dungeon (5/15)
 Temple: D:4-7

Altars:

Annotations:
D:5 Pikel


Innate Abilities, Weirdness & Mutations

Your serpentine skin is tough. (AC +1)
You have supernaturally acute eyesight. (SInv)
Armour fits poorly on your strangely shaped body.
Your system is resistant to poisons. (rPois)
You cover ground very slowly.
You can spit poison.
You have a snake-like lower body.


Message History

You barely miss the hound.
The hound is heavily wounded.
The hound barely misses you.
The lemure shouts! x2
You hit the hound.
The hound is almost dead.
The hound bites you but does no damage. The hound closely misses you.
You miss the hound.
The hound is almost dead.
The hound bites you.
* * * LOW HITPOINT WARNING * * *
The hound bites you.
* * * LOW HITPOINT WARNING * * *
You closely miss the hound.
The hound is almost dead.
The hound barely misses you.
You closely miss the hound.
The hound is almost dead.
The hound bites you but does no damage. The hound bites you.
* * * LOW HITPOINT WARNING * * *
You hit the hound.
The hound is almost dead.
The hound completely misses you. The hound barely misses you.
Aiming: Spit Poison (2% risk of failure)
Press: ? - help, Shift-Dir - straight line, f/p - hound
Aim: a hound (almost dead, 45% to hit)
The splash of poison hits the hound but does no damage.
The hound is poisoned.
The hound is almost dead.
The hound barely misses you.
You hit the hound.
You kill the hound!
Pikel cracks his whip.
You have reached level 4!
You feel clever.
You feel yourself speed up.
You have got your breath back.
Pikel hits you with a +2 whip of freezing!
You die...
Pikel says, "Another soul for the market."

##.# ...... .#... ...... .
.....# ...... . ...... ...... .
......### ###.....J ........###
###...# #.####
..5..5....#######....#####+#...
..........55†K@.......#.......#
..........5##########.........#
.........### #...........#
.........# #...........#
########## #...........#
#...........# #.........>.#
#####.......# #########


You could see Pikel and 3 lemures.

Vanquished Creatures
  A scorpion (D:5)
  A hound (D:5)
2 creatures vanquished.

Notes
Turn   | Place    | Note
-------+----------+-------------------------------------------
     0 | D:5      | Kurtz the Naga Delver began the quest for the Orb.
     0 | D:5      | Reached XP level 1. HP: 21/21 MP: 1/1
    10 | D:5      | Noticed a jelly
    21 | D:5      | Noticed an ogre
    51 | D:5      | Noticed a scorpion
    51 | D:5      | Noticed a hound
    58 | D:5      | Killed a scorpion
    59 | D:5      | Reached XP level 2. HP: 19/28 MP: 2/2
    59 | D:5      | Reached XP level 3. HP: 23/34 MP: 3/3
   110 | D:5      | Noticed a lemure
   112 | D:5      | Noticed Pikel
   113 | D:5      | Noticed a lemure
   115 | D:5      | Noticed a lemure
   131 | D:5      | Reached XP level 4. HP: 4/42 MP: 4/4
   131 | D:5      | Mangled by Pikel

Illustrated notes

Levels and vault maps discovered:
D:5:      layout_basic, lemuel_crystal_altar, mainiacjoe_overflow_catwalk,
          kennysheep_ying_yang, patterned_corridor, uniq_ijyb, uniq_pikel

Skill      XL: |  1 |
---------------+----+-----
Axes           | 4 |  4.5
Fighting       | |  3.0
Dodging        | |  1.5
Stealth        | |  7.2

Action                     |  1- 3 |  4- 6 || total
---------------------------+-------+-------++-------
  Melee: Hand axe          |    16 |       ||    16
Ability: Spit Poison       |     3 |       ||     3
    Use: Potion            |       |     1 ||     1
 Armour: Leather armour    |    19 |     1 ||    20
  Dodge: Dodged            |    15 |       ||    15

Table legend: (Time is in decaauts)
 A = Elapsed time spent in this place.
 B = Non-inter-level travel time spent in this place.
 C = Inter-level travel time spent in this place.
 D = Time resting spent in this place.
 E = Time spent auto-exploring this place.
 F = Levels seen in this place.
 G = Mean time per level.
                   A        B        C        D        E       F      G
               +--------+--------+--------+--------+--------+-----+--------+
         Total |    159 |    159 |      0 |     41 |     13 |   1 |  159.0 |
       Dungeon |    159 |    159 |      0 |     41 |     13 |   1 |  159.0 |
               +--------+--------+--------+--------+--------+-----+--------+

Top non-repeatable levels by time:
     D:5: 159 daAuts
